 Seeded DCSS version 0.29.1-15-g9cfb28693d (webtiles) character file.

Game seed: 1 (custom seed)

49 Kazon the Trooper (level 3, -2/40 HPs)
             Began as an Ogre Fighter on Feb 28, 2023.
             Slain by a gnoll
             ... wielding a +0 whip
              (4 damage)
             ... on level 2 of the Dungeon.
             The game lasted 00:08:11 (1572 turns).

Kazon the Trooper (Ogre Fighter)                    Turns: 1572, Time: 00:08:12

Health: -2/40      AC:  3    Str: 20    XL:     3   Next: 77%
Magic:  3/3        EV:  8    Int: 11    God:
Gold:   180        SH:  7    Dex:  8    Spells: 2/2 levels left

rFire   . . .      SeeInvis .   a - +0 long sword
rCold   . . .      Faith    .   c - +0 kite shield
rNeg    . . .      Spirit   .   l - +0 robe
rPois   .          Reflect  .   (helmet restricted)
rElec   .          Harm     .   (no cloak)
rCorr   .          Rampage  .   (gloves unavailable)
Will    .....                   (boots unavailable)
Stlth   +.........              f - amulet of the acrobat
HPRegen 0.13/turn               (no ring)
MPRegen 0.08/turn               (no ring)

@: no status effects
A: large, unfitting armour, tough skin 1
a: no special abilities


You were on level 2 of the Dungeon.
You visited 1 branch of the dungeon, and saw 2 of its levels.

You collected 180 gold pieces.

Inventory:

Hand Weapons
 a - a +0 long sword (weapon)
 e - a +2 dagger of venom
 g - the +5 glaive "Pyceosif" {vorpal, rC+ rN+++ Will- Int+5}
   (You acquired it on level 1 of the Dungeon)

   It inflicts extra damage upon your enemies.
   Int:       It affects your intelligence (+5).
   rC:        It protects you from cold.
   rN:        It renders you almost immune to negative energy.
   Will:      It decreases your willpower.
Missiles
 k - 4 stones (quivered)
 o - 3 boomerangs
Armour
 c - a +0 kite shield (worn)
 l - a +0 robe (worn)
Jewellery
 f - an amulet of the acrobat (around neck)
Scrolls
 j - 2 scrolls of identify {unknown}
 m - a scroll of immolation {unknown}
Potions
 b - a potion of berserk rage {unknown}
 d - a potion of might
 h - a potion of flight {unknown}
 i - a potion of attraction {unknown}
 n - a potion of haste {unknown}


   Skills:
 + Level 4.5 Fighting
 + Level 2.1 Long Blades
 + Level 1.0 Polearms
 + Level 3.3 Dodging
 + Level 3.2 Shields


You had 2 spell levels left.
You didn't know any spells.
Your spell library contained the following spells:

 Spells                   Type           Power      Damage    Failure   Level
 Apportation              Tloc           0%         N/A       63%         1
 Necrotise                Necr           0%         1d4       63%         1
 Sting                    Tmut/Pois      0%         1d3       63%         1
 Summon Small Mammal      Summ           0%         N/A       63%         1
 Poisonous Vapours        Pois/Air       0%         N/A       77%         2
 Olgreb's Toxic Radiance  Pois           0%         N/A       100%        4


Dungeon Overview and Level Annotations

Branches:
Dungeon (2/15)

Altars:


Innate Abilities, Weirdness & Mutations

You are too large for most types of armour.
You have tough skin. (AC +1)


Message History

You throw a stone.
The stone hits the gnoll but does no damage.
Unknown command.
Throw: 6 stones
Press: ? - help, Q - select action, (/) - cycle Shift-Dir - straight line, f/p - gnoll
Aim: a gnoll, wielding a +0 whip (60% to hit)
You throw a stone.
The stone hits the gnoll but does no damage.
Unknown command.
Throw: 5 stones
Press: ? - help, Q - select action, (/) - cycle Shift-Dir - straight line, f/p - gnoll
Aim: a gnoll, wielding a +0 whip (60% to hit)
You throw a stone.
The stone hits the gnoll but does no damage.
Unknown command.
You barely miss the gnoll. The gnoll hits you with a +0 whip.
You block the gnoll's attack. The gnoll hits you but does no damage.
You barely miss the gnoll.
The gnoll hits you from afar with a +0 spear.
You block the gnoll's attack.
You barely miss the gnoll.
The gnoll hits you from afar with a +0 spear!
The gnoll hits you but does no damage.
The gnoll hits you from afar with a +0 spear.
You block the gnoll's attack.
You hit the gnoll but do no damage. The gnoll completely misses you.
The gnoll hits you but does no damage.
You closely miss the gnoll. The gnoll hits you but does no damage.
The gnoll closely misses you.
The gnoll hits you from afar with a +0 spear.
The gnoll hits you with a +0 whip!
* * * LOW HITPOINT WARNING * * *
You closely miss the gnoll. You block the gnoll's attack.
The gnoll hits you with a +0 whip.
* * * LOW HITPOINT WARNING * * *
You slash the gnoll!
The gnoll is heavily wounded.
The gnoll closely misses you. You block the gnoll's attack. x2
The gnoll hits you with a +0 whip.
You die...

#.# #.# #.# #.#
#.########.# #.#
#..........# ..#
#...########
################.#
........†....# #.#
......######.# #.#
#####.######.###.#
.......#.......#@#
#####..#.###.#.#g#
#..#.# #.#.#g# ###
#..#.###...#.# ..#
#......##..#.#
#.###......##..#.##
#...........#.)...#
#####.......#..÷..#
............#.....#


You could see 2 gnolls.

Vanquished Creatures
  An adder (D:2)
  A worm (D:2)
  7 endoplasms
  A giant cockroach (D:1)
  7 goblins
  4 hobgoblins
  3 kobolds
  A quokka (D:1)
  2 ball pythons (D:2)
  2 bats
  2 frilled lizards (D:2)
  3 rats (D:1)
34 creatures vanquished.

Notes
Turn   | Place    | Note
-------+----------+-------------------------------------------
     0 | D:1      | Kazon the Ogre Fighter began the quest for the Orb.
     0 | D:1      | Reached XP level 1. HP: 24/24 MP: 1/1
    33 | D:1      | Identified a scroll of acquirement
    33 | D:1      | Acquired the +5 glaive "Pyceosif" {vorpal, rC+ rN+++ Will-
                  | Int+5}
   137 | D:1      | Reached XP level 2. HP: 24/32 MP: 2/2
   659 | D:2      | Reached XP level 3. HP: 4/40 MP: 3/3
  1373 | D:2      | Reached skill level 1 in Polearms
  1571 | D:2      | HP: 2/40 [gnoll/+0 whip (6)]
  1572 | D:2      | Slain by a gnoll

Illustrated notes

Levels and vault maps discovered:
D:1:      dpeg_arrival_three_smaller_balls, layout_basic
D:2:      layout_loops_ring

Skill      XL: |  1  2  3 |
---------------+----------+-----
Dodging        | 3 |  3.3
Long Blades    | 2 |  2.1
Polearms       | 1 |  1.0
Fighting       | |  4.5
Shields        | |  3.2

Action                   || total
-------------------------++-------
Melee: Long sword        ||    64
       Glaive            ||    36
Throw: Stone             ||    18
  Use: Scroll            ||     1
Armor: Robe              ||    29
Dodge: Dodged            ||    45
Block: Kite shield       ||    27
